 Dungeon Crawl Stone Soup version 0.28-a0-1429-gf3d713df7a (webtiles) character file.

Game seed: 106702487338127042

35 Deminshera the Sneak (level 3, 0/22 HPs)
             Began as a Kobold Brigand on Jan 8, 2022.
             Slain by an adder (3 damage)
             ... on level 2 of the Dungeon.
             The game lasted 00:01:26 (1308 turns).

Deminshera the Sneak (Kobold Brigand)               Turns: 1308, Time: 00:01:26

Health: 0/22       AC:  3    Str: 10    XL:     3   Next: 52%
Magic:  3/3        EV: 14    Int: 12    God:
Gold:   95         SH:  0    Dex: 16    Spells: 2/2 levels left

rFire   . . .      SeeInvis .   a - +2 dagger
rCold   . . .      Faith    .   (no shield)
rNeg    . . .      Spirit   .   b - +0 robe
rPois   .          Reflect  .   (no helmet)
rElec   .          Harm     .   c - +0 cloak
rCorr   .          Rampage  .   (no gloves)
Will    .....                   (no boots)
Stlth   ++++......              (no amulet)
HPRegen 0.07/turn               (no ring)
MPRegen 0.08/turn               (no ring)

@: lethally poisoned (0 -> -1)
A: small, no large weapons, nightstalker 3
a: no special abilities


You were on level 2 of the Dungeon.
You visited 1 branch of the dungeon, and saw 2 of its levels.

You collected 95 gold pieces.

Inventory:

Hand Weapons
 a - a +2 dagger (weapon)
Missiles
 d - 21 poisoned darts (quivered)
 e - 2 curare-tipped darts
 g - 3 atropa-tipped darts
Armour
 b - a +0 robe (worn)
 c - a +0 cloak (worn)
Scrolls
 f - a scroll of identify {unknown}
Potions
 h - a potion of curing {unknown}


   Skills:
 + Level 2.9 Fighting
 + Level 3.6 Short Blades
 - Level 2.1 Throwing
 - Level 1.2 Dodging
 + Level 5.9 Stealth


You had 2 spell levels left.
You didn't know any spells.
Your spell library contained the following spells:

 Spells                   Type           Power      Damage    Failure   Level
 Summon Small Mammal      Summ           0%         N/A       32%         1
 Call Canine Familiar     Summ           0%         N/A       69%         3
 Summon Guardian Golem    Hex/Summ       0%         N/A       69%         3


Dungeon Overview and Level Annotations

Branches:
Dungeon (2/15)

Altars:

Annotations:
D:2 Natasha


Innate Abilities, Weirdness & Mutations

You are small and have problems with some larger weapons.
You are completely attuned to the shadows.


Message History

a +0 club; a goblin corpse
There is a stone staircase leading down here.
A quokka comes into view.
A quokka is nearby!
An endoplasm comes into view.
The quokka bites you.
You closely miss the quokka. The quokka barely misses you.
You barely miss the quokka.
The quokka bites you but does no damage.
There are monsters nearby!
You hit the quokka but do no damage. The quokka completely misses you.
You hit the quokka.
The quokka is almost dead.
The quokka bites you.
You hit the quokka but do no damage.
The quokka is almost dead.
The quokka bites you.
You hit the quokka.
You kill the quokka!
Natasha, Servant of Life and Death comes into view.
Natasha hisses angrily.
An adder comes into view.
Found 15 gold pieces.
The adder hisses angrily.
You hit Natasha but do no damage.
The endoplasm quivers.
Natasha barely misses you.
You miss the adder. The adder bites you.
You are poisoned.
The adder poisons you! Natasha casts a spell at you. The magic dart hits you.
The endoplasm freezes you.
You are frozen.
You feel sick. The adder bites you but does no damage.
You feel sick. Natasha completely misses you.
You feel sick.
Natasha casts a spell.
You feel sick. The adder bites you.
You die...

####.#.# ###
#....#.# #.#
####...# #.#
#)..# #.#
#...###.####
#..>........
...#####.##..
..........+ .
## #####@##
####S#####
#.J5..†...
#...h.....
#.........
#.........
#.........
#........
#.$.....


You could see Natasha, a crimson imp (summoned) and an adder.

Vanquished Creatures
  2 dart slugs (D:1)
  A bat (D:1)
  An endoplasm (D:1)
  A giant cockroach (D:1)
  4 goblins
  4 hobgoblins (D:1)
  3 jackals (D:1)
  3 quokkas
  2 ball pythons (D:1)
  2 frilled lizards (D:1)
  3 kobolds (D:1)
26 creatures vanquished.

Notes
Turn   | Place    | Note
-------+----------+-------------------------------------------
     0 | D:1      | Deminshera the Kobold Brigand began the quest for the Orb.
     0 | D:1      | Reached XP level 1. HP: 12/12 MP: 1/1
   130 | D:1      | Reached XP level 2. HP: 18/18 MP: 2/2
   326 | D:1      | Reached XP level 3. HP: 12/22 MP: 3/3
   932 | D:1      | Found a faded altar of an unknown god.
  1301 | D:2      | Noticed Natasha
  1308 | D:2      | Slain by an adder

Illustrated notes

Levels and vault maps discovered:
D:1:      minmay_arrival_jagged, layout_loops_cross,
          hellmonk_ecumenical_altar_inner_sanctum
D:2:      layout_basic, grunt_ministairs_10, small_statue_intersection,
          uniq_natasha

Skill      XL: |  1 |
---------------+----+-----
Short Blades   | 3 |  3.6
Fighting       | |  2.9
Throwing       | |  2.1
Dodging        | |  1.2
Stealth        | |  5.9

Action                   || total
-------------------------++-------
Melee: Dagger            ||    81
       Punch             ||     1
 Stab: Sleeping          ||    11
Armor: Robe              ||    15
Dodge: Dodged            ||    49

Table legend: (Time is in decaauts)
 A = Elapsed time spent in this place.
 B = Non-inter-level travel time spent in this place.
 C = Inter-level travel time spent in this place.
 D = Time resting spent in this place.
 E = Time spent auto-exploring this place.
 F = Levels seen in this place.
 G = Mean time per level.
                   A        B        C        D        E       F      G
               +--------+--------+--------+--------+--------+-----+--------+
         Total |   1294 |   1259 |     35 |    334 |    742 |   2 |  647.0 |
       Dungeon |   1294 |   1259 |     35 |    334 |    742 |   2 |  647.0 |
               +--------+--------+--------+--------+--------+-----+--------+

Top non-repeatable levels by time:
     D:1: 1202 daAuts
     D:2: 92 daAuts
